AoeStats
← 小桦

Arabia

505813747Analyzed
1v1 RM · 22d ago on Sep 11, 2026· 45m 22s· 2 players
Game mode
Random Map
Map size
Tiny (2 player)
Population
200
Speed
Normal
Resources
Standard
Victory
Conquest
Starting age
Dark Age
Ending age
Imperial Age
RankedLock teamsTeams togetherTeam positionsShared explorationLock speedFull tech treeHidden civsTurbo modeCheats
Victory
Defeat
🇨🇳 Koreans · China
1430
+18
🇦🇷 Jurchens · Argentina
1479
-18
小桦
6:21 Loom
8:47 Feudal Age
15:11 Double-Bit Axe
16:34 Fletching
21:48 Castle Age
21:12 Scale Mail Armor
22:00 Horse Collar
22:34 Forging
22:03 Crossbowman
23:15 Gold Mining
24:02 Bow Saw
24:37 Bodkin Arrow
25:15 Town Watch
27:31 Chain Mail Armor
30:24 Thumb Ring
31:32 Wheelbarrow
32:35 Squires
33:18 Hand Cart
33:43 Gold Shaft Mining
32:58 Stone Mining
38:50 Imperial Age
36:53 Stone Mining
40:58 Two-Man Saw
39:35 Elite Fire Lancer
39:44 Elite Fire Lancer
41:52 Forging
43:54 Ballistics
45:32 Chemistry
45:28 Plate Mail Armor
[TOX2] Nicob
6:18 Loom
8:50 Feudal Age
10:16 Double-Bit Axe
10:26 Horse Collar
20:00 Castle Age
18:37 Forging
18:37 Scale Barding Armor
19:36 Forging
19:43 Bloodlines
21:08 Chain Barding Armor
28:08 Wheelbarrow
31:30 Fletching
33:06 Bow Saw
33:41 Gold Mining
34:27 Siege Engineers
35:24 Bodkin Arrow
41:57 Imperial Age
43:16 Plate Barding Armor
42:11 Heavy Rocket Cart
43:12 Town Watch
43:53 Elite Steppe Lancer
45:17 Conscription
Connection lost

Rejoining the realm…

Still unreachable

The connection could not be restored.

Session expired

The server has moved on; the page needs a fresh start.